AoeStats
← Josmi-Ga'lock

MegaRandom

508744333Analyzed
3v3 RM · 10d ago on Sep 23, 2026· 72m 27s· 6 players
Game mode
Random Map
Map size
Normal (6 player)
Population
200
Speed
Normal
Resources
Standard
Victory
Conquest
Starting age
Dark Age
Ending age
Imperial Age
RankedLock teamsTeams togetherTeam positionsShared explorationLock speedFull tech treeHidden civsTurbo modeCheats
Victory
Defeat
🇻🇪 Danes · Venezuela
970
+16
🇦🇷 Saxons · Argentina
954
+17
🇦🇷 Mongols · Argentina
846
+21
🇮🇹 Franks · Italy
970
-18
🇮🇹 Lithuanians · Italy
961
-18
🇦🇷 Japanese · Argentina
957
-18
Conquistatoooore
0:29 Loom
13:02 Feudal Age
21:42 Wheelbarrow
24:09 Castle Age
36:37 Imperial Age
36:56 Cavalier
37:39 Husbandry
40:36 Scale Barding Armor
40:42 Forging
40:35 Gold Mining
40:39 Stone Mining
45:00 Chain Barding Armor
46:50 Paladin
57:19 Plate Barding Armor
59:09 Gold Shaft Mining
60:25 Iron Casting
Cunctator
7:15 Loom
10:30 Feudal Age
11:07 Double-Bit Axe
13:08 Fletching
22:26 Castle Age
21:15 Scale Barding Armor
22:08 Bloodlines
21:47 Fishing Lines
22:28 Forging
23:25 Bow Saw
23:53 Town Watch
24:05 Gillnets
25:35 Wheelbarrow
28:25 Hand Cart
28:58 Horse Collar
29:15 Stone Mining
32:24 Bodkin Arrow
32:50 Chain Barding Armor
33:45 Gold Mining
37:20 Imperial Age
35:10 Padded Archer Armor
36:55 Iron Casting
37:09 Scale Mail Armor
37:32 Husbandry
38:47 Plate Barding Armor
39:13 Conscription
40:01 Chemistry
38:46 Cavalier
40:30 Paladin
45:52 Light Cavalry
48:16 Elite Leitis
49:31 Bracer
49:46 Chain Mail Armor
54:16 Thumb Ring
54:34 Leather Archer Armor
53:44 Winged Hussar
55:21 Ballistics
54:56 Murder Holes
55:15 Masonry
62:47 Caravan
67:12 Ring Archer Armor
Tas biEn?
13:50 Feudal Age
14:23 Fishing Lines
14:37 Double-Bit Axe
21:53 Castle Age
20:28 Stone Mining
20:32 Gold Mining
23:43 Wheelbarrow
26:04 Bow Saw
26:32 Gold Shaft Mining
27:14 Hand Cart
29:50 Imperial Age
27:06 Loom
27:06 Town Watch
28:19 Husbandry
28:30 Bloodlines
27:40 Light Cavalry
28:46 Forging
31:09 Elite Samurai
Abyssus
1:59 Loom
8:27 Loom
10:57 Feudal Age
11:39 Double-Bit Axe
11:38 Fishing Lines
16:35 Horse Collar
21:40 Castle Age
20:20 Scale Mail Armor
21:21 Stone Mining
21:25 Gold Mining
22:38 Squires
22:28 Arson
22:53 Heavy Plow
24:12 Fletching
25:12 Bow Saw
25:07 Bodkin Arrow
25:30 Chain Mail Armor
26:17 Wheelbarrow
25:36 Town Watch
26:56 Stone Shaft Mining
27:40 Forging
26:59 Pikeman
29:04 Town Patrol
29:43 Iron Casting
36:22 Hand Cart
40:44 Imperial Age
38:36 Gillnets
39:54 Gold Shaft Mining
39:27 Caravan
41:42 Hand Cart
41:12 Halberdier
43:27 Plate Mail Armor
43:38 Elite Varangian Guard
45:37 Conscription
48:25 Blast Furnace
50:48 Hamask
55:39 Elite Jomsviking
Josmi-Ga'lock
0:30 Loom
12:17 Feudal Age
12:53 Double-Bit Axe
12:54 Town Watch
17:48 Horse Collar
22:44 Fletching
22:56 Stone Mining
25:12 Castle Age
24:18 Forging
25:21 Scale Mail Armor
26:37 Squires
26:05 Pikeman
31:56 Gold Mining
32:01 Fishing Lines
33:36 Chain Mail Armor
36:11 Wheelbarrow
38:55 Bow Saw
38:53 Heavy Plow
40:04 Iron Casting
39:25 Bodkin Arrow
42:59 Imperial Age
41:00 Ballistics
40:22 Treadmill Crane
43:06 Hand Cart
43:42 Gold Shaft Mining
44:15 Plate Mail Armor
43:46 Bracer
43:44 Murder Holes
44:49 Conscription
43:53 Shield Wall
44:49 Gillnets
45:06 Elite Varangian Guard
50:29 Chemistry
49:40 Masonry
51:02 Arson
51:04 Gambesons
52:29 Guilds
56:52 Town Patrol
57:25 Architecture
56:43 Arrowslits
56:52 Guard Tower
58:25 Coinage
57:56 Caravan
59:00 Two-Man Saw
61:59 Banking
69:24 Crop Rotation
Bluezote
1:28 Loom
14:44 Feudal Age
20:42 Castle Age
19:43 Double-Bit Axe
20:51 Pikeman
24:44 Wheelbarrow
23:57 Town Watch
25:31 Bow Saw
25:44 Horse Collar
26:16 Elite Skirmisher
27:22 Fletching
30:56 Stone Mining
32:59 Squires
34:42 Ballistics
34:33 Fortified Wall
34:23 Murder Holes
35:06 Caravan
34:58 Man-at-Arms
35:56 Long Swordsman
40:31 Heavy Plow
44:39 Imperial Age
43:01 Nomads
44:27 Bodkin Arrow
44:33 Padded Archer Armor
44:43 Forging
44:33 Scale Mail Armor
44:38 Scale Barding Armor
45:14 Two-Handed Swordsman
48:06 Drill
48:10 Conscription
48:38 Iron Casting
48:07 Bracer
48:56 Hand Cart
48:42 Arson
49:18 Gold Mining
50:41 Champion
52:01 Demolition Ship
52:23 Heavy Camel Rider
53:05 Husbandry
54:20 Coinage
55:43 Leather Archer Armor
55:34 Scale Barding Armor
55:28 Capped Ram
58:30 Banking
57:36 Siege Ram
61:22 Elite Mangudai
62:43 Iron Casting
62:23 Chain Mail Armor
62:28 Chain Barding Armor
63:27 Chemistry
70:48 Gold Shaft Mining
70:50 Stone Shaft Mining
Connection lost

Rejoining the realm…

Still unreachable

The connection could not be restored.

Session expired

The server has moved on; the page needs a fresh start.